 Dungeon Crawl Stone Soup version 0.29.1-13-g9f3cf754e1 (webtiles) character file.

Game seed: 1809564013479133723

607127 FexLirch the Slayer (level 27, -2/274 (279) HPs)
             Began as a Gargoyle Gladiator on Jan 25, 2023.
             Was the Champion of Ru.
             Slain by an iron troll (23 damage)
             ... on level 2 of the Realm of Zot on Jan 26, 2023.
             The game lasted 04:03:54 (59640 turns).

FexLirch the Slayer (Gargoyle Gladiator)           Turns: 59640, Time: 04:03:55

HP:   -2/274 (279)  AC: 50    Str: 34    XL:     27
MP:   6/45          EV: 13    Int: 15    God:    Ru [******]
Gold: 5043          SH: 29    Dex: 11    Spells: 27/44 levels left

rFire   + + +      SeeInvis +   y - +14 obsidian axe {vorpal, Mesm Drain Fly SInv}
rCold   + + +      Faith    .   V - +8 tower shield {reflect}
rNeg    + + +      Spirit   .   I - +0 shadow dragon scales "Mynob" {rC+ rN+ Regen+ MP+9 Stlth++++}
rPois   ∞          Reflect  +   N - -2 hat of the Alchemist {rElec rPois rF+ rC+ rN+ Will+ rMut rCorr}
rElec   +          Harm     .   X - +2 cloak {Stlth+}
rCorr   +          Rampage  +   j - +1 pair of gloves "Heywuqada" {rPois rF+ rC+}
rMut    +                       Q - +2 pair of boots "Bieqehud" {Rampage Will++ rCorr Int-2}
Will    +++++                   w - amulet of regeneration
Stlth   ..........              g - ring of Guotonuh {rElec rF+ rN+ Int+6 Slay+3}
HPRegen 2.15/turn               E - +6 ring of strength
MPRegen 0.29/turn

@: berserking (expiring), exhausted, flying, mesmerised, very slightly
contaminated, studying Ranged Weapons, lightly drained, very quick
A: sickness immunity, AC +20, big wings, negative energy resistance 1, screaming
1, electricity resistance, torment resistance 1, weak 1, petrification
resistance, no stealth, inability to use devices, hated by all, no air magic, no
necromancy magic, no transmutations magic, disrupted magic 1, subdued magic 1
}: 4/15 runes: serpentine, barnacled, slimy, abyssal
a: Renounce Religion, Draw Out Power, Power Leap, Apocalypse


You were on level 2 of the Realm of Zot.
You worshipped Ru.
Ru was exalted by your worship.
You visited 13 branches of the dungeon, and saw 53 of its levels.
You visited the Abyss 3 times.
You also visited: Trove, Sewer, Bailey, Ice Cave, Volcano and Desolation.

You collected 8242 gold pieces.
You spent 3199 gold pieces at shops.

Inventory:

Hand Weapons
 y - the +14 obsidian axe (weapon) {vorpal, Mesm Drain Fly SInv}
   (You found it on level 2 of the Lair of Beasts)

   It inflicts extra damage upon your enemies.
   It occasionally summons demons to assist the wielder when it strikes in
   combat.
   Its wielder is mesmerised by any visible foes.
   It cannot be unequipped while any foes are visible.
   SInv:      It lets you see invisible.
   Fly:       It grants you flight.
   Drain:     It drains your maximum health when unequipped.
 C - a +9 eveningstar of freezing
 P - the +8 lance "Wyrmbane" {slay drac, rPois rF+ rC+ AC+3}
   (You found it on level 5 of the Pits of Slime)

   It inflicts extra damage against dragons and draconians.
   AC:        It affects your AC (+3).
   rF:        It protects you from fire.
   rC:        It protects you from cold.
   rPois:     It protects you from poison.
Missiles
 c - 3 silver boomerangs
 d - 27 javelins
 B - 15 silver javelins
 K - 12 throwing nets
 Z - 2 boomerangs
Armour
 b - the +4 ring mail of Honesty {rElec rC- rN+ Will++}
   (You found it on level 10 of the Dungeon)

   rC:        It makes you vulnerable to cold.
   rElec:     It insulates you from electricity.
   rN:        It protects you from negative energy.
   Will:      It greatly increases your willpower.
 j - the +1 pair of gloves "Heywuqada" (worn) {rPois rF+ rC+}
   (You acquired it on level 4 of the Dungeon)

   rF:        It protects you from fire.
   rC:        It protects you from cold.
   rPois:     It protects you from poison.
 o - a +3 tower shield of fire resistance
 I - the +0 shadow dragon scales "Mynob" (worn) {rC+ rN+ Regen+ MP+9 Stlth++++}
   (You took it off a deep elf blademaster on level 4 of the Depths)

   rC:        It protects you from cold.
   rN:        It protects you from negative energy.
   MP:        It affects your magic capacity (+9).
   Regen:     It increases your rate of health regeneration.
   Stlth:     It makes you much more stealthy.
 L - the +3 pair of seven-league boots {Rampage+∞}
   (You found it on level 3 of the Elven Halls)

   Its wearer moves as far as possible in that direction when moving towards
   enemies.
 N - the -2 hat of the Alchemist (worn) {rElec rPois rF+ rC+ rN+ Will+ rMut rCorr}
   (You found it on level 3 of the Elven Halls)

   rF:        It protects you from fire.
   rC:        It protects you from cold.
   rElec:     It insulates you from electricity.
   rPois:     It protects you from poison.
   rN:        It protects you from negative energy.
   rCorr:     It protects you from acid and corrosion.
   rMut:      It protects you from mutation.
   Will:      It increases your willpower.
 Q - the +2 pair of boots "Bieqehud" (worn) {Rampage Will++ rCorr Int-2}
   (You found it on level 3 of the Crypt)

   Int:       It affects your intelligence (-2).
   rCorr:     It protects you from acid and corrosion.
   Rampage:   It bestows one free step when moving towards enemies.
   Will:      It greatly increases your willpower.
 V - a +8 tower shield of reflection (worn)
 X - a +2 cloak of stealth (worn)
Jewellery
 e - the amulet "Zosopris" {Acrobat rF+ rC+++ rCorr Stlth-}
   (You found it in a treasure trove)

   [amulet of the acrobat]

   It increases your evasion while moving and waiting.
   rF:        It protects you from fire.
   rC:        It renders you almost immune to cold.
   rCorr:     It protects you from acid and corrosion.
   Stlth:     It makes you less stealthy.
 g - the ring of Guotonuh (left hand) {rElec rF+ rN+ Int+6 Slay+3}
   (You found it in a treasure trove)

   [ring of intelligence]

   Int:       It affects your intelligence (+6).
   Slay:      It affects your accuracy & damage with ranged weapons and melee
   (+3).
   rF:        It protects you from fire.
   rElec:     It insulates you from electricity.
   rN:        It protects you from negative energy.
 w - an amulet of regeneration (around neck)
 x - a ring of willpower
 A - the ring "Imesorph" {rC+ SInv}
   (You found it in a treasure trove)

   [ring of see invisible]

   rC:        It protects you from cold.
   SInv:      It lets you see invisible.
 E - a +6 ring of strength (right hand)
 F - the amulet "Sishreny" {Reflect rF+ SH+5}
   (You found it in the Desolation of Salt)

   [amulet of reflection]

   It reflects blocked missile attacks.
   rF:        It protects you from fire.
   SH:        It affects your SH (+5).
 M - the ring of Autotheism {+Blink rElec rN+ Dex+4 SInv}
   (You found it on level 3 of the Crypt)

   [ring of positive energy]

   Dex:       It affects your dexterity (+4).
   rElec:     It insulates you from electricity.
   rN:        It protects you from negative energy.
   SInv:      It lets you see invisible.
   +Blink:    It lets you blink.
 O - a ring of fire
 Y - the ring of Ecrur {rN+ EV+4 Str-4 Dex+10}
   (You found it on level 3 of the Depths)

   [ring of evasion]

   EV:        It affects your evasion (+4).
   Str:       It affects your strength (-4).
   Dex:       It affects your dexterity (+10).
   rN:        It protects you from negative energy.
Scrolls
 a - 9 scrolls of poison
 h - 11 scrolls of immolation
 i - 12 scrolls of silence
 k - 10 scrolls of noise
 m - 26 scrolls of teleportation
 n - 10 scrolls of fear
 t - 2 scrolls of torment
 z - 8 scrolls of fog
 D - 12 scrolls of vulnerability
 G - 3 scrolls of magic mapping
 J - 7 scrolls of blinking
 S - 2 scrolls of brand weapon
 T - 4 scrolls of enchant armour
Potions
 f - 3 potions of cancellation
 l - 3 potions of invisibility
 p - 33 potions of curing
 q - 10 potions of mutation
 r - 10 potions of lignification
 s - 4 potions of berserk rage
 u - 3 potions of resistance
 v - 14 potions of attraction
 H - 7 potions of haste
 R - 10 potions of might
 U - 3 potions of magic
 W - 9 potions of heal wounds


   Skills:
 + Level 22.5 Fighting
 - Level 20.3(23.4) Axes
 - Level 17.9(22.3) Maces & Flails
 * Level 12.2(17.6) Polearms
 - Level 4.1 Ranged Weapons
 - Level 9.4 Throwing
 + Level 20.2 Armour
 - Level 13.1 Dodging
 + Level 21.3 Shields
 - Level 9.0 Spellcasting
 + Level 13.1 Translocations


You had 27 spell levels left.
You knew the following spells:

 Your Spells              Type           Power      Damage    Failure   Level
a - Blink                 Tloc           70%        N/A       1%          2
b - Manifold Assault      Tloc           35%        N/A       8%          5
c - Passage of Golubria   Tloc           35%        N/A       2%          4
d - Dispersal             Tloc           17%        N/A       36%         6

Your spell library contained the following spells:

 Spells                   Type           Power      Damage    Failure   Level
 Gell's Gravitas          Tloc           35%        N/A       1%          3
 Lesser Beckoning         Tloc           35%        N/A       1%          3
 Teleport Other           Tloc           35%        N/A       1%          3
 Portal Projectile        Hex/Tloc       40%        N/A       12%         3
 Iskenderun's Mystic Bla  Conj/Tloc      20%        2d6       34%         4
 Foxfire                  Conj/Fire      20%        2x1d5     47%         1
 Magic Dart               Conj           20%        1d4       47%         1
 Ensorcelled Hibernation  Hex/Ice        10%        N/A       61%         2
 Searing Ray              Conj           10%        2d4       61%         2
 Dazzling Flash           Conj/Hex       10%        N/A       83%         3
 Frozen Ramparts          Ice            10%        1d2       83%         3
 Ozocubu's Armour         Ice            5%         N/A       83%         3
 Cause Fear               Hex            2%         N/A       99%         4
 Fulminant Prism          Conj/Hex       2%         3d6       99%         4
 Hailstorm                Conj/Ice       5%         3d4       99%         4
 Leda's Liquefaction      Hex/Erth       2%         N/A       99%         4
 Olgreb's Toxic Radiance  Pois           5%         N/A       99%         4
 Iskenderun's Battlesphe  Conj           5%         2d6       100%        5
 Lee's Rapid Deconstruct  Erth           2%         3d6*      100%        5
 Metabolic Englaciation   Hex/Ice        2%         N/A       100%        5
 Starburst                Conj/Fire      2%         6d3       100%        6
 Enfeeble                 Hex            2%         N/A       100%        7
 Orb of Destruction       Conj           2%         9d5       100%        7
 Ozocubu's Refrigeration  Ice            2%         4d8       100%        7
 Lehudib's Crystal Spear  Conj/Erth      2%         10d2      100%        8
 Polar Vortex             Ice            2%         N/A       100%        9
 Shock                    Conj/Air       Unusable   1d4       N/A         1
 Sting                    Tmut/Pois      Unusable   1d4       N/A         1
 Poisonous Vapours        Pois/Air       Unusable   N/A       N/A         2
 Summon Forest            Summ/Tloc      Unusable   N/A       N/A         5
 Call Canine Familiar     Summ           Unusable   N/A       N/A         3
 Mephitic Cloud           Conj/Pois/Air  Unusable   N/A       N/A         3
 Spider Form              Tmut/Pois      Unusable   N/A       N/A         3
 Summon Guardian Golem    Hex/Summ       Unusable   N/A       N/A         3
 Tukima's Dance           Hex            Unusable   N/A       N/A         3
 Anguish                  Hex/Necr       Unusable   N/A       N/A         4
 Animate Dead             Necr           Unusable   N/A       N/A         4
 Corpse Rot               Necr/Pois/Air  Unusable   N/A       N/A         4
 Ice Form                 Ice/Tmut       Unusable   N/A       N/A         4
 Petrify                  Tmut/Erth      Unusable   N/A       N/A         4
 Summon Ice Beast         Ice/Summ       Unusable   N/A       N/A         4
 Blade Hands              Tmut           Unusable   N/A       N/A         5
 Borgnjor's Vile Clutch   Necr/Erth      Unusable   N/A       N/A         5
 Freezing Cloud           Conj/Ice/Air   Unusable   6-21      N/A         5
 Silence                  Hex/Air        Unusable   N/A       N/A         5
 Death Channel            Necr           Unusable   N/A       N/A         6
 Eringya's Noxious Bog    Tmut/Pois      Unusable   N/A       N/A         6
 Simulacrum               Ice/Necr       Unusable   N/A       N/A         6
 Statue Form              Tmut/Erth      Unusable   N/A       N/A         6
 Dragon Form              Tmut           Unusable   N/A       N/A         7
 Spellforged Servitor     Conj/Summ      Unusable   N/A       N/A         7
 Storm Form               Tmut/Air       Unusable   N/A       N/A         7
 Summon Hydra             Summ           Unusable   N/A       N/A         7
 Dragon's Call            Summ           Unusable   N/A       N/A         9

Dungeon Overview and Level Annotations

Branches:
Dungeon (15/15)            Temple (1/1) D:5            Lair (5/5) D:9
 Shoals (4/4) Lair:3        Snake (4/4) Lair:3        Slime (5/5) Lair:5
    Orc (2/2) D:10            Elf (3/3) Orc:2        Vaults (4/5) D:14
  Crypt (3/3) Vaults:3       Tomb (0/3) Crypt:3      Depths (4/4) D:15
   Hell (visited)             Zot (2/5) Depths:4      Sewer (visited)
 Bailey (visited)           IceCv (visited)         Volcano (visited)
Desolation (visited)
    Dis: Hell:1         Geh: Hell:1         Coc: Hell:1         Tar: Hell:1

Altars:
Ashenzari
Cheibriados
Dithmenos
Elyvilon
Gozag
Kikubaaqudgha
Nemelex Xobeh
Okawaru
Qazlal
Ru
Sif Muna
Uskayaw
Vehumet
Xom
Zin
The Shining One
Lugonu

Shops:
D:3 (   D:9 *   D:13 :   Orc:1 =   Orc:2 *?[:   Elf:2 [   Elf:3 :*   Shoals:1 *
Shoals:3 *   Vaults:2 :::   Depths:3 *

Portals:
Hell: Depths:1 Depths:2 Depths:3 Depths:4
Abyss: Depths:1 Depths:2 Depths:3
Pandemonium: Orc:2 Depths:2 Depths:3
Ziggurat: Depths:3

Annotations:
D:4 3 runed translucent doors, croobank's ghost, weakling DEDe
D:11 1 runed translucent door, lmSkywalker's ghost, adept DjFE
D:13 3 runed translucent doors, DemonSlayer's ghost, journeyman DsEE
Shoals:4 3 runed translucent doors
Hell exclusion: 2 ice statues


Innate Abilities, Weirdness & Mutations

You are immune to sickness and miasma.
Your stone body is resilient. (AC +20)
You are immune to poison.
Your large and strong wings let you fly.
You resist negative energy. (rN+)
You occasionally shout uncontrollably at your foes.
You are resistant to electric shocks. (rElec)
You are resistant to unholy torment.
You are weak. (Str -2)
You are immune to petrification.
You cannot be stealthy.
You cannot study or use magical devices.
You are hated by all.
You cannot study or cast Air magic.
You cannot study or cast Necromancy magic.
You cannot study or cast Transmutations magic.
Your casting is slightly disrupted.
Your spells are a little easier to cast, but a little less powerful.


Message History

A troll comes into view.
The fire giant begins to cast a spell, but is stunned by your conviction!
The frost giant gestures at you while chanting.
The bolt of cold hits you! You resist.
* * * LOW HITPOINT WARNING * * *
You focus your inner power and slow the frost giant in retribution!
You slash the frost giant!
The frost giant is almost dead.
You barely miss the iron troll.
Visions of slaying the iron troll flood into your mind.
You block the iron troll's attack. x3
You slice the frost giant!!
You kill the frost giant!
You hit the iron troll.
The moth of wrath begins to attack, but is stunned by your conviction!
You completely miss the iron troll.
The iron troll is moderately wounded.
You slice the two-headed ogre!!
The two-headed ogre is almost dead.
You hit the iron troll but do no damage.
You barely miss the ettin.
The moth of wrath begins to attack, but is stunned by your conviction!
The iron troll bites you!
* * * LOW HITPOINT WARNING * * *
You block the iron troll's attack. x2
You slice the two-headed ogre!!
You kill the two-headed ogre!
You barely miss the ettin. You slash the iron troll!
Visions of slaying the ettin flood into your mind.
The moth of wrath goads the iron troll on!
The iron troll goes berserk!
The fire giant begins to cast a spell, but is stunned by your conviction!
You block the ettin's attack. The ettin hits you but does no damage.
You barely miss the iron troll.
The iron troll is moderately wounded.
You slash the ettin!
Visions of slaying the iron troll flood into your mind.
The moth of wrath goads the ettin on!
The ettin goes berserk!
You block the iron troll's attack. x2; The iron troll claws you!!
You die... ##### ######### .#... .T.yTOC.# #... .COOOy#

##'y#################
..#...C8$...8....8....##
..'...T()()...........'.
>.'y..)@[)............'.
..'...C)()††..........'.
..#....8....8....8....#.
##''#################.
#...


DCCT.## $#... ...C°.#. ##### ########. ###..'. ##...##. You could see a fire
giant, an iron troll (mesmerising, berserk), an ettin (berserk) and 2 moths of
wrath.

Vanquished Creatures
  the Royal Jelly (Slime:5)
  A dread lich (Crypt:3)
  Mennas (Depths:3)
  Vv (Crypt:1)
  Sojobo (Vaults:4)
  Geryon (Hell)
  3 caustic shrikes (Depths:4)
  4 golden dragons
  Nikola (Elf:2)
  8 bone dragons
  A profane servitor (Abyss:4)
  3 doom hounds
  A Tzitzimitl (Crypt:1)
  2 electric golems
  3 hellephants
  Zenata (Elf:3)
  4 tentacled monstrosities
  Jorgrun (Orc:2)
  2 shard shrike skeletons (Crypt:1)
  2 walking crystal tomes
  5 liches
  Asterion (Snake:4)
  A titan (Zot:2)
  Grunn (Crypt:1)
  A walking earthen tome (Depths:2)
  2 deep elf blademasters
  3 quicksilver dragons
  A deep elf master archer (Depths:4)
  11 acid blobs
  2 Executioners (Abyss:3)
  An ancient champion (Crypt:1)
  2 shadow dragons (Zot:1)
  6 sphinxes
  2 tengu reavers (Vaults:4)
  16 tentacled starspawn
  3 death cobs
  Donald (Shoals:3)
  Roxanne (Elf:2)
  5 nagarajas
  3 storm dragons
  7 revenants
  11 azure jellies
  7 rockslimes
  Ilsuiw (Shoals:3)
  10 vault wardens
  6 draconian monks
  A draconian knight (Zot:2)
  8 fire giants
  3 draconian scorchers
  3 iron dragons
  7 deep elf sorcerers
  4 imperial myrmidons (Desolation)
  3 draconian shifters
  Louise (Depths:2)
  2 orc warlords
  A draconian stormcaller (Zot:1)
  10 frost giants
  An angel (Abyss:3)
  2 caustic shrike zombies
  A shard shrike simulacrum (Abyss:3)
  5 deep elf elementalists (Elf:3)
  8 ghouls
  2 spriggan defenders (Depths:4)
  A draconian annihilator (Zot:1)
  3 curse skulls
  11 quicksilver oozes
  6 war gargoyles
  13 ironbound preservers
  A caustic shrike skeleton (Crypt:1)
  11 reapers
  7 vampire knights
  22 very ugly things
  6 deep elf demonologists
  7 ironbound thunderhulks
  21 stone giants
  2 red draconians (Depths:4)
  A putrid mouth (Depths:4)
  14 deep elf annihilators
  2 green draconians
  Azrael (D:15)
  3 entropy weavers
  7 purple draconians
  11 dire elephants
  4 black draconians
  5 white draconians
  5 yellow draconians
  2 halazid warlocks (Desolation)
  An ettin (shapeshifter) (Abyss:3)
  12 eidola
  2 crystal guardians (Desolation)
  6 merfolk impalers
  5 deep elf high priests
  6 merfolk javelineers
  A quicksilver dragon zombie (Crypt:3)
  2 blizzard demons (Hell)
  A mummy priest (Crypt:3)
  8 jiangshi
  9 ettins
  A green death (Abyss:3)
  Josephine (D:13)
  5 fire dragons
  6 deep elf death magi
  2 pearl dragon skeletons (Crypt:1)
  16 great orbs of eyes
  The ghost of soggyman666 the Cleaver, a journeyman MiFi of Trog (Shoals:1)
  7 ragged hierophants
  8 yaktaur captains
  2 hell beasts (Depths:2)
  12 ice dragons
  6 servants of whispers (Desolation)
  2 spriggan skeletons
  5 peacekeepers
  A rakshasa (Depths:2)
  7 hydras
  3 boulder beetles
  9 vault guards
  Harold (D:9)
  4 salamander tyrants
  2 catoblepae
  A spriggan zombie (Crypt:3)
  6 anacondas
  23 naga warriors
  4 spriggan air magi
  4 merfolk aquamancers
  12 centaur warriors
  A fenstrider witch skeleton (Crypt:1)
  5 two-headed ogres
  2 alligator snapping turtles (Shoals:4)
  30 dancing weapons
  6 ironbound frosthearts
  3 satyrs
  4 death knights
  7 deep troll shamans
  3 merfolk avatars
  10 deep troll earth magi
  2 demonspawn (Orc:2)
  2 tengu warriors
  7 vampire magi
  6 thrashing horrors
  A death yak (Lair:2)
  11 hell knights
  A titan zombie (Crypt:3)
  4 orc high priests (Orc:2)
  14 naga sharpshooters
  11 shock serpents
  2 spriggan berserkers
  Urug (Orc:2)
  19 deep elf knights
  4 sixfirhies
  22 iron trolls
  A hellephant skeleton (Crypt:1)
  2 spriggans (Depths:4)
  13 wretched stars
  A titan skeleton (Crypt:1)
  2 shadow wraiths
  5 soul eaters
  3 salamander mystics
  A bunyip zombie (Crypt:3)
  A spatial maelstrom (Abyss:3)
  12 sea snakes
  23 starcursed masses
  9 skeletal warriors
  An iron giant zombie (Crypt:3)
  7 deep elf archers
  59 deep trolls
  6 flayed ghosts
  A bog body (Crypt:2)
  8 naga ritualists
  25 phantasmal warriors
  27 harpies
  An orange crystal statue (Vaults:2)
  A golden dragon skeleton (Crypt:1)
  Pikel (D:8)
  12 lindwurms
  11 wizards
  5 glowing orange brains
  3 anaconda skeletons
  13 ironbound convokers
  10 orc knights
  26 deep elf pyromancers
  A faun (shapeshifter) (Depths:1)
  12 mana vipers
  19 necromancers
  8 orc sorcerers
  12 manticores
  A mana viper (shapeshifter) (Depths:1)
  53 ugly things
  An iron dragon skeleton (Abyss:3)
  21 deep elf zephyrmancers
  3 shining eyes
  8 fauns (Shoals:2)
  19 salamanders
  6 cyclopes
  A frost giant zombie (Crypt:2)
  3 worldbinders
  2 centaur zombies (Crypt:3)
  10 elephants
  2 stone giant skeletons
  7 merfolk sirens
  12 guardian serpents
  34 black mambas
  A fire giant skeleton (Crypt:2)
  An ice statue (IceCv)
  3 torpor snails
  6 moths of wrath
  17 vault sentinels
  2 dire elephant zombies (Crypt:3)
  6 water nymphs
  3 alligator snapping turtle zombies
  8 rust devils (Hell)
  14 smoke demons (Abyss:3)
  2 toenail golems (Volcano)
  A death yak zombie (Crypt:1)
  21 naga magi
  An apis skeleton (Crypt:1)
  3 rime drakes (Lair:5)
  A centaur skeleton (Abyss:3)
  A molten gargoyle (Desolation)
  An elf skeleton (Vaults:3)
  4 unseen horrors
  12 cane toads
  5 efreet
  3 tormentors (Crypt:1)
  A dire elephant skeleton (Crypt:1)
  34 yaktaurs
  An anaconda simulacrum (IceCv)
  4 tengu conjurers
  17 freezing wraiths
  A harpy zombie (Crypt:3)
  3 guardian mummies
  21 hellwings
  9 ancient zymes (Abyss:3)
  14 ice devils
  2 human skeletons (Vaults:3)
  12 komodo dragons
  A queen bee (Abyss:3)
  21 merfolk
  5 meliai
  5 trolls
  3 polar bears
  A tarantella (Vaults:3)
  Grinder (D:4)
  49 slime creatures
  A death drake skeleton (Crypt:2)
  2 trolls (shapeshifter)
  7 wind drakes
  51 saltlings
  4 harpy skeletons
  6 hornets
  23 blink frogs
  2 guardian serpent zombies
  7 snapping turtles
  4 raiju (Abyss:3)
  9 dream sheep
  10 flying skulls
  A culicivora (Vaults:1)
  A culicivora (shapeshifter) (Abyss:3)
  64 yaks
  2 ettin skeletons (Crypt:3)
  24 water elementals
  An elf simulacrum (Vaults:2)
  4 ynoxinuls (Abyss:3)
  3 air elementals
  2 shadows
  4 dire elephant simulacra (IceCv)
  An ushabti (Crypt:3)
  3 fire elementals
  A slime creature zombie (Crypt:1)
  3 fire bats (Abyss:3)
  A golden eye (shapeshifter) (Vaults:3)
  10 wyverns
  15 wraiths
  2 hogs (shapeshifter)
  2 golden eyes
  7 chaos spawn
  4 basilisks
  7 vampire mosquitoes
  A wind drake skeleton (Crypt:2)
  20 large abominations
  3 neqoxecs (Abyss:3)
  2 redbacks
  5 steam dragons
  5 death yak simulacra (IceCv)
  A two-headed ogre zombie (D:10)
  55 nagas
  4 spatial vortices (Abyss:3)
  14 water moccasins
  15 hell hounds
  An acid dragon (D:12)
  A merfolk skeleton (Crypt:1)
  3 hydra simulacra (IceCv)
  45 orc warriors
  A sky beast (D:6)
  A black bear (D:8)
  4 ice beasts
  3 boggarts (Vaults:2)
  A lindwurm zombie (Crypt:1)
  5 ogres
  5 centaurs
  A blink frog skeleton (Crypt:1)
  A golden eye zombie (Crypt:2)
  A manticore skeleton (Crypt:2)
  2 phantoms
  2 kobold brigands
  8 bullfrogs
  4 necrophages
  4 cane toad simulacra (IceCv)
  A draconian skeleton (Crypt:1)
  6 scorpions
  A water moccasin zombie (Crypt:1)
  2 two-headed ogre simulacra (IceCv)
  A cyclops zombie (Crypt:1)
  An earth elemental (Elf:2)
  7 wights
  9 wyvern skeletons (Crypt:3)
  4 elephant simulacra (IceCv)
  3 killer bees (D:7)
  3 howler monkeys (D:8)
  A shapeshifter skeleton (Crypt:1)
  6 electric eels
  17 small abominations (Abyss:3)
  2 hounds
  A jelly (D:6)
  29 orc priests
  2 quasits (Abyss:3)
  3 gnoll boudas
  An iron imp (Abyss:3)
  An iguana (D:4)
  Natasha (twice) (D:3)
  21 orc wizards
  A troll simulacrum (IceCv)
  4 polar bear simulacra (IceCv)
  3 wolf simulacra (IceCv)
  7 ogre zombies (D:10)
  22 gnolls
  A naga simulacrum (IceCv)
  10 adders
  A shadow imp (D:6)
  6 white imps
  2 ufetubi
  3 worms
  3 dart slugs
  80 orcs
  A bat zombie (Crypt:2)
  10 endoplasms
  7 giant cockroaches
  6 hobgoblins
  22 kobolds
  14 quokkas
  14 ball pythons
  3 bats
  11 frilled lizards
  A giant cockroach zombie (Crypt:2)
  7 goblins
  2 goblin skeletons (D:10)
  3 goblin zombies (D:10)
  3 hobgoblin skeletons (D:10)
  A hobgoblin zombie (D:10)
  5 orc skeletons (D:10)
  11 orc zombies (D:10)
  4 rats
  2 lurking horrors (Abyss:3)
  17 starspawn tentacles
2525 creatures vanquished.

Vanquished Creatures (others)
  An azure jelly (Slime:5)
  A fire giant (Zot:2)
  A rockslime (Slime:5)
  A deep elf sorcerer (Elf:3)
  A deep elf elementalist (Elf:3)
  A draconian annihilator (Zot:1)
  2 green draconians
  A deep elf annihilator (Elf:3)
  A dire elephant (Vaults:1)
  2 ettins
  A merfolk javelineer (Shoals:4)
  A yaktaur captain (Vaults:1)
  A fire dragon (Depths:2)
  A pearl dragon skeleton (Crypt:1)
  A great orb of eyes (Vaults:4)
  A hydra (Lair:3)
  A peacekeeper (Vaults:1)
  A two-headed ogre (D:11)
  A shock serpent (Snake:3)
  A naga sharpshooter (Snake:1)
  2 deep trolls
  2 lindwurms
  A deep elf pyromancer (Elf:2)
  A harpy (Lair:4)
  A deep elf archer (Elf:2)
  An orc knight (Orc:2)
  A manticore (Shoals:3)
  2 ugly things
  A deep elf zephyrmancer (Elf:1)
  A salamander (Snake:1)
  A vault sentinel (Vaults:1)
  A water nymph (Shoals:4)
  A guardian serpent (Desolation)
  A rust devil (Hell)
  A naga mage (Snake:4)
  A black mamba (Snake:1)
  A cane toad (Lair:4)
  A smoke demon (Abyss:3)
  2 yaktaurs (Vaults:3)
  A freezing wraith (Crypt:3)
  A komodo dragon (Lair:3)
  An ice devil (IceCv)
  A meliai (Abyss:3)
  A saltling (Desolation)
  A snapping turtle (Shoals:4)
  A blink frog (Lair:2)
  A dream sheep (Shoals:4)
  2 slime creatures
  A shadow (D:12)
  A wyvern (D:9)
  2 water elementals (Shoals:3)
  2 nagas
  3 large abominations (Abyss:3)
  A sky beast (shapeshifter) (Depths:2)
  2 orc warriors
  A centaur (D:9)
  A bullfrog (Lair:4)
  A gnoll (D:9)
  2 orcs
  21 fungi
  107 plants
  13 starspawn tentacles
  21 withered plants
234 creatures vanquished.

Grand Total: 2759 creatures vanquished

Notes
Turn   | Place    | Note
-------+----------+-------------------------------------------
     0 | D:1      | FexLirch the Gargoyle Gladiator began the quest for the
                  | Orb.
     0 | D:1      | Reached XP level 1. HP: 12/12 MP: 1/1
   123 | D:1      | Reached XP level 2. HP: 18/18 MP: 2/2
   491 | D:1      | Found a faded altar of an unknown god.
   852 | D:2      | Reached XP level 3. HP: 16/22 MP: 3/3
   945 | D:2      | Reached skill level 3 in Fighting
  1123 | D:2      | Found a white marble altar of Elyvilon.
  1477 | D:3      | Reached XP level 4. HP: 22/28 MP: 4/4
  1755 | D:3      | Reached XP level 5. HP: 32/32 MP: 5/5
  1817 | D:3      | Reached skill level 5 in Maces & Flails
  1934 | D:3      | Found an opulent altar of Gozag.
  1934 | D:3      | Found a radiant altar of Vehumet.
  1934 | D:3      | Noticed Natasha
  1941 | D:3      | Killed Natasha
  2031 | D:3      | Noticed Natasha
  2280 | D:3      | Reached skill level 4 in Fighting
  2291 | D:3      | Found Lowun's Weapon Boutique.
  2362 | D:3      | Reached XP level 6. HP: 10/38 MP: 6/6
  3298 | D:3      | Killed Natasha
  3816 | D:4      | Reached XP level 7. HP: 44/44 MP: 7/7
  4320 | D:4      | Noticed Grinder
  4320 | D:4      | Paralysed by Grinder for 2 turns
  4324 | D:4      | Paralysed by Grinder for 2 turns
  4327 | D:4      | Paralysed by Grinder for 5 turns
  4355 | D:4      | Identified 3 scrolls of acquirement
  4355 | D:4      | Acquired a manual of Dodging
  4357 | D:4      | Paralysed by Grinder for 5 turns
  4385 | D:4      | Paralysed by Grinder for 4 turns
  4391 | D:4      | Killed Grinder
  4652 | D:4      | Found a runed translucent gate.
  4653 | D:4      | Found a runed translucent gate.
  4654 | D:4      | Found a runed translucent gate.
  4848 | D:4      | Noticed croobank's ghost (weakling DEDe)
  4854 | D:4      | Acquired 712 gold pieces
  4856 | D:4      | Acquired the +1 pair of gloves "Heywuqada" {rPois rF+ rC+}
  4883 | D:5      | Entered Level 5 of the Dungeon
  4920 | D:5      | Reached XP level 8. HP: 31/48 MP: 8/8
  5034 | D:5      | Found a staircase to the Ecumenical Temple.
  5066 | Temple   | Entered the Ecumenical Temple
  5091 | Temple   | Became a worshipper of Ru the Awakened
  6076 | D:5      | Found a snail-covered altar of Cheibriados.
  6286 | D:6      | Reached skill level 5 in Dodging
  6293 | D:6      | Found a glowing drain.
  6303 | D:6      | Identified the +4 scale mail "Royhu" {rPois Str+3 Int+3}
  6360 | Sewer    | Entered a sewer
  6629 | Sewer    | Gained mutation: You are hated by all. [Ru sacrifice]
  6629 | Sewer    | Reached * piety under Ru
  6685 | Sewer    | Reached skill level 10 in Maces & Flails
  6688 | Sewer    | Reached XP level 9. HP: 42/52 MP: 9/9
  7745 | D:7      | Gained mutation: You cannot study or use magical devices.
                  | [Ru sacrifice]
  7745 | D:7      | Reached ** piety under Ru
  7745 | D:7      | Reached *** piety under Ru
  7789 | D:7      | Reached skill level 1 in Shields
  8178 | D:8      | Found a flagged portal.
  8200 | Bailey   | Entered a bailey
  8575 | D:8      | Noticed Pikel
  8597 | D:8      | Killed Pikel
  8598 | D:8      | Reached XP level 10. HP: 58/58 MP: 10/10
  9029 | D:8      | Found an iron altar of Okawaru.
  9379 | D:9      | Found Hoic's Elemental Accessories.
  9452 | D:9      | Noticed an elephant
  9453 | D:9      | Found a staircase to the Lair.
  9571 | D:9      | Killed an elephant
  9608 | D:8      | Gained mutation: Your casting is slightly disrupted. [Ru
                  | sacrifice]
  9988 | D:9      | Reached skill level 5 in Shields
 10472 | D:9      | Noticed a two-headed ogre
 10489 | D:9      | Killed a two-headed ogre
 10490 | D:9      | Reached XP level 11. HP: 50/62 MP: 11/11
 11213 | D:10     | Entered Level 10 of the Dungeon
 11641 | D:3      | Bought the +11 sling of Somewhere Else {venom, Dex+4
                  | Stlth+} for 750 gold pieces
 12192 | D:10     | Found a staircase to the Orcish Mines.
 12216 | D:10     | Reached skill level 10 in Dodging
 12847 | D:10     | Noticed Harold
 13083 | D:9      | Killed Harold
 13408 | D:10     | Identified the +4 ring mail of Honesty {rElec rC- rN+
                  | Will++}
 13469 | D:10     | Noticed a two-headed ogre
 13488 | D:10     | Killed a two-headed ogre
 13651 | D:10     | Found a broken altar of Ashenzari.
 13657 | D:10     | Found a shimmering altar of Xom.
 13660 | D:10     | Found a shimmering blue altar of Sif Muna.
 13814 | D:10     | Noticed a centaur warrior
 13820 | D:10     | Noticed a cyclops
 13820 | D:10     | Noticed a seven-headed hydra
 13832 | D:10     | Killed a seven-headed hydra
 13840 | D:10     | Killed a centaur warrior
 13847 | D:10     | Noticed a purple ugly thing
 14191 | D:10     | Killed a purple ugly thing
 14265 | D:10     | Killed a cyclops
 14266 | D:10     | Reached XP level 12. HP: 67/67 MP: 12/12
 14523 | D:11     | Reached skill level 1 in Ranged Weapons
 14523 | D:11     | Reached skill level 1 in Armour
 14686 | D:11     | Noticed a two-headed ogre
 14709 | D:11     | Killed a two-headed ogre
 14944 | D:11     | Noticed a catoblepas
 14958 | D:11     | HP: 3/67 [catoblepas/blast of calcifying dust (6)]
 14962 | D:11     | Killed a catoblepas
 14963 | D:11     | Reached skill level 15 in Maces & Flails
 15404 | D:11     | Noticed a two-headed ogre
 15414 | D:11     | Killed a two-headed ogre
 15444 | D:11     | Noticed a two-headed ogre
 15450 | D:11     | Killed a two-headed ogre
 15451 | D:11     | Reached skill level 5 in Fighting
 15575 | D:11     | Found a runed translucent door.
 15756 | D:11     | Noticed lmSkywalker's ghost (adept DjFE)
 16029 | D:12     | Noticed a four-headed hydra
 16037 | D:12     | Killed a four-headed hydra
 17603 | D:13     | Gained mutation: You are weak. (Str -2) [Ru sacrifice]
 17603 | D:13     | Reached **** piety under Ru
 17756 | D:13     | Found Makadeih's Book Shoppe.
 17873 | D:13     | Found a runed translucent gate.
 17873 | D:13     | Found a runed translucent gate.
 17873 | D:13     | Found a runed translucent gate.
 17873 | D:13     | Noticed an acid blob
 17873 | D:13     | Noticed an acid blob
 17873 | D:13     | Noticed an azure jelly
 17873 | D:13     | Noticed a great orb of eyes
 18094 | D:13     | Found an iron altar of Okawaru.
 18143 | D:13     | Noticed Josephine
 18148 | D:13     | Killed Josephine
 18149 | D:13     | Reached skill level 6 in Fighting
 18149 | D:13     | Reached XP level 13. HP: 74/74 MP: 13/13
 18442 | D:13     | Identified the +8 morningstar "Jaep" {vorpal, Fragile rPois
                  | MP+9 Int+7}
 18520 | D:13     | Identified the +1 tower shield "Isuvor" {Int+4}
 18620 | D:13     | Noticed a quicksilver ooze
 18620 | D:13     | Noticed DemonSlayer's ghost (journeyman DsEE)
 18621 | D:13     | Noticed an azure jelly
 18621 | D:13     | Noticed an acid blob
 18622 | D:13     | Noticed an azure jelly
 18957 | Lair:1   | Entered Level 1 of the Lair of Beasts
 19279 | Lair:1   | Gained mutation: You occasionally shout uncontrollably at
                  | your foes. [Ru sacrifice]
 19279 | Lair:1   | Reached ***** piety under Ru
 19594 | Lair:1   | Found a frozen archway.
 19607 | IceCv    | Entered an ice cave
 19615 | IceCv    | Reached skill level 5 in Armour
 19948 | IceCv    | Found an ancient bone altar of Kikubaaqudgha.
 19950 | IceCv    | Reached skill level 7 in Fighting
 20519 | Lair:1   | Gained mutation: You cannot study or cast Air magic. [Ru
                  | sacrifice]
 20519 | Lair:1   | Gained mutation: You cannot study or cast Transmutations
                  | magic. [Ru sacrifice]
 20519 | Lair:1   | Gained mutation: You cannot study or cast Necromancy magic.
                  | [Ru sacrifice]
 20859 | Lair:2   | Reached skill level 10 in Shields
 21005 | Lair:2   | Gained mutation: Your large and strong wings let you fly.
                  | [Gargoyle growth]
 21005 | Lair:2   | Reached XP level 14. HP: 82/82 MP: 14/14
 21108 | Lair:2   | Found the +14 obsidian axe {vorpal, Mesm Drain Fly SInv}
 22356 | Lair:3   | Found a staircase to the Snake Pit.
 22413 | Lair:3   | Found a staircase to the Shoals.
 22426 | Lair:3   | Reached skill level 8 in Fighting
 22516 | Lair:3   | Found a dark tunnel.
 22534 | Volcano  | Entered a volcano
 24626 | Lair:5   | Entered Level 5 of the Lair of Beasts
 24690 | Lair:4   | Reached skill level 5 in Throwing
 25066 | Lair:4   | Reached XP level 15. HP: 48/89 MP: 15/15
 25259 | Lair:4   | Reached skill level 9 in Fighting
 26226 | Lair:5   | Found a staircase to the Slime Pits.
 26761 | Orc:1    | Entered Level 1 of the Orcish Mines
 26969 | Orc:2    | Entered Level 2 of the Orcish Mines
 26978 | Orc:1    | Gained mutation: You cannot be stealthy. [Ru sacrifice]
 26978 | Orc:1    | Reached ****** piety under Ru
 27355 | Orc:2    | Noticed Urug
 27359 | Orc:2    | Killed Urug
 27387 | Orc:2    | Found a staircase to the Elven Halls.
 27605 | Orc:1    | Found Boxiuriv's Jewellery Shop.
 27711 | Orc:2    | Reached skill level 1 in Axes
 27912 | Orc:2    | Noticed Jorgrun
 27928 | Orc:2    | Killed Jorgrun
 27932 | Orc:2    | Found Bashulor's Magic Scroll Emporium.
 27935 | Orc:2    | Found Xotirr's General Store.
 28172 | Orc:2    | Found Rucus Zat's Antique Armour Boutique.
 28172 | Orc:2    | Found a one-way gate leading to the halls of Pandemonium.
 28172 | Orc:2    | Found Hoerae's Book Shop.
 28196 | Orc:2    | Bought a bloodstained helmet for 256 gold pieces
 28196 | Orc:2    | Identified the +0 helmet of the Will of the Gods {*Corrode
                  | rElec rPois SInv} (You bought it in a shop on level 2 of
                  | the Orcish Mines)
 28196 | Orc:2    | Bought a glowing helmet for 202 gold pieces
 28285 | Orc:1    | Bought a ring of willpower for 350 gold pieces
 28285 | Orc:1    | Bought a +6 ring of strength for 504 gold pieces
 28472 | Snake:1  | Entered Level 1 of the Snake Pit
 28478 | Snake:1  | Reached skill level 10 in Fighting
 28677 | Snake:1  | Reached XP level 16. HP: 97/97 MP: 16/16
 28868 | Snake:1  | Noticed a nagaraja
 28876 | Snake:1  | Killed a nagaraja
 28885 | Snake:1  | Reached skill level 5 in Axes
 29178 | Orc:2    | Bought a scroll of enchant armour for 90 gold pieces
 29181 | Orc:2    | Bought a scroll of identify for 26 gold pieces
 29181 | Orc:2    | Bought a scroll of identify for 26 gold pieces
 29181 | Orc:2    | Bought a scroll of identify for 26 gold pieces
 29181 | Orc:2    | Bought a scroll of identify for 26 gold pieces
 29181 | Orc:2    | Bought a scroll of identify for 26 gold pieces
 29181 | Orc:2    | Bought a scroll of fog for 52 gold pieces
 29181 | Orc:2    | Bought a scroll of fog for 52 gold pieces
 29670 | Snake:2  | Noticed a nagaraja
 29676 | Snake:2  | Killed a nagaraja
 30265 | Snake:2  | Reached skill level 10 in Armour
 30442 | Snake:2  | Found an iron altar of Okawaru.
 30464 | Snake:2  | Reached skill level 11 in Fighting
 31071 | Snake:3  | Identified the +4 scale mail of Contentment {-Tele +Inv
                  | rElec rN++}
 31253 | Snake:3  | Noticed a nagaraja
 31255 | Snake:3  | Reached XP level 17. HP: 97/103 MP: 17/17
 31276 | Snake:3  | Found a hide-covered altar of Uskayaw.
 31603 | Snake:4  | Entered Level 4 of the Snake Pit
 31618 | Snake:4  | Noticed Asterion
 31646 | Snake:4  | Killed Asterion
 32119 | Snake:4  | Reached skill level 12 in Fighting
 32498 | Snake:4  | Got a serpentine rune of Zot
 32897 | Shoals:1 | Entered Level 1 of the Shoals
 32965 | Shoals:1 | Found Tycee's Assorted Antiques.
 33338 | Shoals:1 | Found a runed translucent door.
 33338 | Shoals:1 | Found a shimmering altar of Xom.
 33338 | Shoals:1 | Noticed soggyman666's ghost (journeyman MiFi)
 33353 | Shoals:1 | Killed soggyman666's ghost
 33355 | Shoals:1 | Identified the amulet of Temptation {Reflect rCorr SH+5}
 33577 | Shoals:2 | Reached XP level 18. HP: 112/112 MP: 18/18
 33585 | Shoals:2 | Reached skill level 10 in Axes
 34275 | Shoals:3 | Noticed Donald
 34286 | Shoals:3 | Killed Donald
 34365 | Shoals:3 | Noticed Ilsuiw
 34464 | Shoals:3 | Killed Ilsuiw
 34524 | Shoals:3 | Learned a level 2 spell: Blink
 34562 | Shoals:3 | Found Lepom's CLEARANCE SALE!.
 34589 | Shoals:3 | Bought a scroll of enchant armour for 60 gold pieces
 34950 | Shoals:4 | Entered Level 4 of the Shoals
 34958 | Shoals:3 | Reached skill level 1 in Translocations
 34966 | Shoals:3 | Reached skill level 1 in Spellcasting
 35154 | Shoals:4 | Found a runed translucent gate.
 35155 | Shoals:4 | Found a runed translucent gate.
 35161 | Shoals:4 | Found a runed translucent gate.
 35417 | Shoals:4 | Reached skill level 13 in Fighting
 35420 | Shoals:4 | Identified the ring of Ebuhurar {Str+3 Int+6}
 35881 | Shoals:4 | Got a barnacled rune of Zot
 36460 | D:14     | Identified the +1 scale mail of the Unbroken {+Inv Str-5
                  | Slay+5}
 36595 | D:14     | Found a gate to the Vaults.
 36758 | D:14     | Identified the +0 scale mail of Ypral {Fly rC- Regen+
                  | Int+3}
 36862 | D:15     | Entered Level 15 of the Dungeon
 37095 | D:15     | Found a sparkling altar of Nemelex Xobeh.
 37160 | D:15     | Found a staircase to the Depths.
 37160 | D:15     | Noticed Azrael
 37176 | D:15     | Killed Azrael
 37177 | D:15     | Reached XP level 19. HP: 90/119 MP: 23/23
 38081 | Elf:1    | Entered Level 1 of the Elven Halls
 38081 | Elf:1    | Found a runed translucent gate.
 38081 | Elf:1    | Found a runed translucent gate.
 38081 | Elf:1    | Found a runed translucent gate.
 38081 | Elf:1    | Found a runed translucent gate.
 38081 | Elf:1    | Found a runed translucent gate.
 38081 | Elf:1    | Found a runed translucent gate.
 38082 | Elf:1    | Found a runed translucent door.
 38108 | Elf:1    | Found a runed translucent door.
 38326 | Elf:1    | Found a crumbling gateway.
 38351 | Desolati | Entered the Desolation of Salt
 38629 | Desolati | Reached skill level 15 in Shields
 38686 | Desolati | Identified the +7 arbalest "Hydraslayer" {elec, rN+ Will+
                  | Int+4}
 38688 | Desolati | Identified the +1 robe of Ignis {rF- Int+4 Archmagi}
 38690 | Desolati | Identified the +2 ring mail of Knowledge {rElec rC- Str+2
                  | Int+3}
 38808 | Desolati | Identified the +7 dagger of Qysmin {vorpal, rElec rCorr
                  | Str+7 Dex-2}
 38810 | Desolati | Identified the +0 scale mail of Philately {rN+ Dex+2}
 38818 | Desolati | Identified the ring "Cuakot" {rCorr Dex+8}
 38823 | Desolati | Identified the +2 morningstar of Sin {holy, rElec}
 38885 | Desolati | Identified the amulet "Sishreny" {Reflect rF+ SH+5}
 39401 | Elf:1    | Reached skill level 14 in Fighting
 39891 | Elf:2    | Reached skill level 5 in Spellcasting
 39891 | Elf:2    | Reached skill level 5 in Translocations
 40035 | Elf:2    | Reached XP level 20. HP: 127/127 MP: 27/27
 40112 | Elf:2    | Noticed Nikola
 40125 | Abyss:3  | Cast into level 3 of the Abyss (+2 battleaxe of distortion)
 40205 | Elf:2    | Escaped the Abyss
 40214 | Elf:2    | Killed Nikola
 40270 | Elf:2    | Found a runed translucent gate.
 40271 | Elf:2    | Found a runed translucent gate.
 40271 | Elf:2    | Found a runed translucent gate.
 40415 | Elf:2    | Noticed Roxanne
 40433 | Elf:2    | Killed Roxanne
 40500 | Elf:2    | Found Kiophari's Armour Boutique.
 40508 | Elf:2    | Bought the +2 hat of the Bear Spirit {Spirit, *Rage Will++}
                  | for 593 gold pieces
 40508 | Elf:2    | Found the +2 hat of the Bear Spirit {Spirit, *Rage Will++}
 41129 | Elf:3    | Entered Level 3 of the Elven Halls
 41196 | Elf:3    | Found Biopp's General Store.
 41304 | Elf:3    | Found Zaelaryufe's Book Boutique.
 41685 | Elf:3    | HP: 1/125 [deep elf sorcerer/damnation (40)]
 41843 | Elf:3    | Noticed Zenata
 41852 | Elf:3    | Killed Zenata
 42063 | Elf:3    | Identified the amulet "Meusa" {Reflect rPois Int+4 SH+5}
 42073 | Elf:3    | Identified the +3 mace "Hererch" {antimagic, SInv}
 42086 | Elf:3    | Identified the +6 great mace of Disorder {pain, *Noise
                  | Dex+6}
 42086 | Elf:3    | Identified the ring "Akkerph" {Str+6 Int+4}
 42189 | Elf:3    | Found the +3 pair of seven-league boots {Rampage+∞}
 42204 | Elf:3    | Got the Papyrus of Harmful Sinister Magic
 42211 | Elf:3    | Identified the +3 short sword "Meumo Fuma" {vorpal, rF++}
 42271 | Elf:3    | Identified the +0 buckler "Fasuuby" {Str+6}
 42271 | Elf:3    | Identified the ring of Guahavam {Fly MP+9 Str+6 Dex+3
                  | Stlth-}
 42282 | Elf:3    | Found the -2 hat of the Alchemist {rElec rPois rF+ rC+ rN+
                  | Will+ rMut rCorr}
 42705 | Vaults:1 | Entered Level 1 of the Vaults
 42718 | Vaults:1 | Reached skill level 15 in Fighting
 42722 | Vaults:1 | Reached XP level 21. HP: 105/127 MP: 29/31
 43546 | Abyss:3  | Found a corrupted altar of Lugonu.
 43546 | Abyss:3  | Cast into level 3 of the Abyss (a wizard)
 43572 | Vaults:2 | Escaped the Abyss
 43730 | Vaults:2 | Found Adafic's Book Shoppe.
 43731 | Vaults:2 | Found Xuolyop's Book Shop.
 44043 | Vaults:2 | Reached skill level 16 in Fighting
 44184 | Vaults:2 | Found Solly's Book Boutique.
 44418 | Vaults:2 | Reached skill level 15 in Armour
 44420 | Vaults:2 | Reached skill level 15 in Axes
 45152 | Vaults:3 | Identified the +2 robe of Failure {Stlth+}
 45157 | Vaults:3 | Reached XP level 22. HP: 143/143 MP: 34/34
 45224 | Vaults:3 | Found a staircase to the Crypt.
 45308 | Vaults:3 | Found a portal to a secret trove of treasure.
 46197 | Vaults:4 | Reached skill level 17 in Fighting
 46763 | Vaults:4 | Noticed Sojobo
 46778 | Vaults:4 | Killed Sojobo
 47130 | Crypt:1  | Entered Level 1 of the Crypt
 47394 | Crypt:1  | Reached skill level 18 in Fighting
 47530 | Crypt:1  | Reached XP level 23. HP: 152/152 MP: 36/36
 47574 | Crypt:1  | Noticed Vv
 47604 | Crypt:1  | Killed Vv
 47791 | Crypt:1  | Noticed Grunn
 47800 | Crypt:1  | Killed Grunn
 48012 | Crypt:1  | Identified the +1 quarterstaff "Zunwap" {venom, rC+ Str-5
                  | Int+2}
 48012 | Crypt:1  | Identified the +6 scale mail "Roinwoof" {Rampage rN++
                  | Dex-4}
 48415 | Crypt:2  | Reached skill level 19 in Fighting
 49157 | Crypt:3  | Entered Level 3 of the Crypt
 49304 | Crypt:3  | Identified the ring of Autotheism {+Blink rElec rN+ Dex+4
                  | SInv}
 49576 | Crypt:3  | Found a staircase to the Tomb.
 50020 | Crypt:3  | Found an ancient bone altar of Kikubaaqudgha.
 50067 | Crypt:3  | Reached XP level 24. HP: 156/162 MP: 36/36
 50108 | Crypt:3  | Learned a level 5 spell: Manifold Assault
 50210 | Crypt:3  | Identified the +6 hand axe "Oruqax" {flame, *Slow rC++
                  | Int+4 Dex-5}
 50212 | Crypt:3  | Noticed a dread lich
 50227 | Crypt:3  | Killed a dread lich
 50232 | Crypt:3  | Reached skill level 20 in Fighting
 50243 | Crypt:3  | Identified the +2 pair of boots "Bieqehud" {Rampage Will++
                  | rCorr Int-2}
 50619 | Depths:1 | Entered Level 1 of the Depths
 50782 | Depths:1 | Found an opulent altar of Gozag.
 50826 | Depths:1 | Found a one-way gate to the infinite horrors of the Abyss.
 50846 | Depths:1 | Found a gateway to Hell.
 51441 | Hell     | Entered the Vestibule of Hell
 51441 | Hell     | Noticed Geryon
 51462 | Hell     | Killed Geryon
 51792 | Vaults:3 | You paid a toll of the horn of Geryon to enter a treasure
                  | trove
 51793 | Trove    | Entered a treasure trove
 51804 | Trove    | Identified the ring "Peeh" {MP+9 Str+3 Dex+7}
 51812 | Trove    | Identified the amulet "Zosopris" {Acrobat rF+ rC+++ rCorr
                  | Stlth-}
 51835 | Trove    | Identified the ring of Guotonuh {rElec rF+ rN+ Int+6
                  | Slay+3}
 51840 | Trove    | Identified the ring "Imesorph" {rC+ SInv}
 52216 | Depths:2 | You are sucked into a shaft and drop 1 floor!
 52236 | Depths:3 | Found Yxzo's General Store.
 52244 | Depths:3 | Bought a potion of heal wounds for 80 gold pieces
 52244 | Depths:3 | Bought a potion of heal wounds for 80 gold pieces
 52490 | Depths:2 | Reached skill level 10 in Translocations
 52525 | Depths:3 | Found a one-way gateway to a ziggurat.
 52544 | Depths:3 | Noticed Mennas
 52579 | Depths:3 | Killed Mennas
 52688 | Depths:3 | Reached XP level 25. HP: 98/169 MP: 36/36
 53006 | Depths:3 | Found a corrupted altar of Lugonu.
 53038 | Depths:3 | Found a transporter.
 53040 | Depths:3 | Found a transporter.
 53075 | Depths:3 | Identified the +2 dire flail "Tysuguol" {vorpal, Will-
                  | Str+4 Dex+5}
 53091 | Depths:3 | Identified the ring of Ecrur {rN+ EV+4 Str-4 Dex+10}
 53209 | Depths:4 | Entered Level 4 of the Depths
 53429 | Depths:4 | Found a gate to the Realm of Zot.
 53468 | Depths:4 | Reached skill level 21 in Fighting
 53718 | Depths:4 | Identified the +7 lajatang of Nice Trial by Ordeal {vorpal,
                  | Dex+3}
 53718 | Depths:4 | Identified the +0 shadow dragon scales "Mynob" {rC+ rN+
                  | Regen+ MP+9 Stlth++++}
 53720 | Depths:4 | Identified the +8 longbow "Qyziocwu" {vorpal, Str+3 SInv
                  | Stlth+}
 54642 | Slime:1  | Entered Level 1 of the Pits of Slime
 54777 | Slime:5  | Entered Level 5 of the Pits of Slime
 54847 | Slime:5  | Gained mutation: Your spells are a little easier to cast,
                  | but a little less powerful. [a shining eye]
 54860 | Slime:5  | Noticed the Royal Jelly
 54892 | Slime:5  | Killed the Royal Jelly
 54893 | Slime:5  | Reached XP level 26. HP: 100/177 MP: 1/36
 54965 | Slime:5  | Got a slimy rune of Zot
 54966 | Slime:5  | Identified the +1 leather armour of Summertime {Int+3}
 54969 | Slime:5  | Found the +8 lance "Wyrmbane" {slay drac, rPois rF+ rC+
                  | AC+3}
 54977 | Slime:5  | Identified the +4 lajatang of the Disbelieving Gods
                  | {vorpal, rC- Int+3 Dex+4}
 55043 | Slime:5  | Identified the ring of Kuferal {rPois rF+}
 55065 | Slime:5  | Got the Handbook of Bolts and Contamination
 55115 | Slime:5  | Reached skill level 1 in Polearms
 55549 | Depths:1 | Voluntarily entered the Abyss.
 55697 | Abyss:3  | Paralysed by accursed screaming for 1 turns
 56058 | Abyss:3  | Reached skill level 5 in Polearms
 56285 | Abyss:3  | Found a snail-covered altar of Cheibriados.
 56311 | Abyss:3  | Found a snail-covered altar of Cheibriados.
 56769 | Abyss:3  | Got an abyssal rune of Zot
 56911 | Abyss:3  | Found a stormy altar of Qazlal.
 56963 | Depths:1 | Escaped the Abyss
 57102 | Depths:2 | Learned a level 4 spell: Passage of Golubria
 57109 | Depths:2 | Learned a level 6 spell: Dispersal
 57147 | Depths:2 | Reached skill level 22 in Fighting
 57362 | Depths:2 | Noticed Louise
 57379 | Depths:2 | Killed Louise
 57512 | Depths:2 | Reached skill level 10 in Polearms
 57849 | Depths:2 | Identified the ring "Gofuscho" {rC+ rN+ Dex+3 Stlth+}
 57940 | Zot:1    | Entered Level 1 of the Realm of Zot
 58040 | Zot:1    | Reached XP level 27. HP: 166/177 MP: 35/36
 59640 | Zot:2    | Slain by an iron troll

Illustrated notes

Levels and vault maps discovered:
D:1:      moated_graveyard_arrival, layout_loops_cross,
          shapermc_ecumenical_altar_mp_ritualfount, minmay_hexomino_p4
D:2:      layout_rooms, basic_altar, kennysheep_generic_room_8
D:3:      layout_loops_cross, gammafunk_temple_overflow_statue, serial_shops,
          nicolae_shop_bloodbath_and_beyond, uniq_natasha
D:4:      layout_basic, gammafunk_ghost_necromancy, fountainhead,
          chequers_serial_rivers_micro_b, sigmund_army, uniq_grinder
D:5:      layout_basic, kennysheep_slug_shrine, minmay_temple_entry_hall
D:6:      layout_basic, cheibrodos_sewer_entry_drain
D:7:      layout_cave_pools
D:8:      layout_loops_corners, mainiacjoe_overflow_chevrons, enter_bailey_3,
          uniq_pikel
D:9:      layout_stronghold, david_lair_generic, nicolae_elemental_shop
D:10:     minmay_blocky_corners, layout_gridville,
          grunt_temple_overflow_diamond, zombieorc2_lemuel, uniq_harold
D:11:     layout_basic, gammafunk_ghost_grave
D:12:     layout_layer_cave
D:13:     evilmike_iron_armoury, layout_long_grid, gammafunk_ghost_ooze,
          serial_shops, nicolae_lakefront_shop, hangedman_decor_clover_reticule,
          uniq_josephine
D:14:     layout_roguey, david_vaults_4, corexii_hall_statues_i
D:15:     hangedman_depths_entry_civil_slaughter, layout_stronghold,
          skrybe_limestone_x, minmay_statues_item, nemelex_diamond_rough_becter,
          uniq_azrael
Temple:   nicolae_temple_bog_church
Lair:1:   layout_gridlike, portal_ice_cave_demonic_guard,
          grunt_forest_small_clearings, minivault_24
Lair:2:   layout_layer_cave, dreamdust_deal_with_the_devil
Lair:3:   layout_misc_corridors, elwin_shoals_entry_rooms,
          guppyfry_snake_entry_island, enter_volcano_3
Lair:4:   layout_layer_cave
Lair:5:   gammafunk_lair_ancient_temple, layout_loops_ring, slime_entry_1,
          serial_bayou_pond_d, guppyfry_lair_drakes, lemuel_fruit_tree
Shoals:1: layout_shoals, ebering_ghost_xom, serial_shops, nicolae_diamond_shop
Shoals:2: layout_shoals
Shoals:3: layout_shoals, nicolae_shop_clearance, uniq_ilsuiw, uniq_donald
Shoals:4: shoals_end_grunt_ice, layout_shoals, nicolae_shoals_beach_cooler
Snake:1:  layout_onion_interference
Snake:2:  layout_honeycomb, serial_bayou, serial_bayou_pond_c,
          serial_bayou_shore_a, serial_bayou_pond_d, serial_bayou_crossing,
          serial_bayou_shore_b, basic_altar
Snake:3:  layout_cave_town, basic_altar
Snake:4:  snake_pit, layout_misc_corridors, uniq_asterion
Slime:1:  layout_caves
Slime:2:  layout_caves
Slime:3:  layout_caves
Slime:4:  layout_caves
Slime:5
Orc:1:    layout_caves, serial_shops, nicolae_shop_window_shopping
Orc:2:    pf_orc_diabolical, layout_caves, basic_altar, lemuel_statue_altar,
          uniq_urug, uniq_jorgrun
Elf:1:    nicolae_elf_arrival_dilemma, layout_loops_corners,
          portal_desolation_entry_salt, hangedman_elven_crosses_minicolossus,
          minmay_crystal_room
Elf:2:    nicolae_elf_blades_crystal_corner, layout_onion_city, serial_shops,
          shop, hex_medium, evilmike_ambush [evilmike_ambush_outer_basic,
          evilmike_ambush_inner_basic], uniq_nikola, uniq_roxanne
Elf:3:    minmay_elf_hall_spiked, layout_onion_city, serial_shops,
          nicolae_shop_trees, nicolae_shop_behind_doors, uniq_zenata
Vaults:1: nicolae_vaults_theta, vaults_dpeg_spiral, grunt_vaults_diagonal,
          v_alt_pattern_6, vaults_room_fours, nicolae_vaults_little_squares_3,
          hangedman_vaults_maws, vaults_dpeg_diagonal, hangedman_vaults_snaps,
          v_misc_1, st_lattice, nicolae_vaults_what_the_h,
          vaults_room_stairs_pillars, nicolae_vaults_theta, serial_ice_g,
          layout_vaults_maze_snakey
Vaults:2: ontoclasm_vaults_eye, serial_ice_h, v_misc_24,
          nicolae_vaults_statue_guard, vaults_mumra_minichess_inversion,
          vaults_dpeg_hooks, grunt_vaults_bifocal, vaults_standard_mumra_lines,
          hangedman_vaults_impose, nicolae_vaults_yaktaur_gun_rack,
          nicolae_vaults_windows_and_doors_thing, ontoclasm_vaults_twist,
          layout_vaults_omnicross, serial_shops, nicolae_square_shop, shop, shop
Vaults:3: minmay_crypt_entry_simple_sparse, v_pattern_3,
          nicolae_vaults_hallways_thing, hangedman_vaults_impose,
          v_alt_pattern_5, vaults_room_large_hall, ontoclasm_vaults_shout,
          ontoclasm_vaults_gateway, nicolae_vaults_little_ls,
          layout_vaults_omnigrid, nicolae_trove_entry_path_of_doom
Vaults:4: ontoclasm_vaults_fault, hangedman_vaults_trim,
          vaults_mumra_chevron_long, v_misc_10, v_misc_9, v_misc_30,
          nicolae_vaults_bisected_slash, v_misc_29, hangedman_vaults_trim,
          nicolae_vaults_little_squares_5, vaults_room_stairs_pillars,
          layout_vaults_ring, uniq_sojobo
Crypt:1:  nicolae_crypt_knochenhaus, layout_regular_city, basic_altar,
          uniq_grunn, uniq_vv
Crypt:2:  layout_chaotic_city, basic_altar, grunt_megastairs_5
Crypt:3:  evilmike_haunted_forest
Depths:1: layout_gridlike, hell_entry, abyss_entry, grunt_gozag_breadcrumbs,
          grunt_megastairs_2
Depths:2: grunt_deathspiral_large, layout_cave_pools, pan_entry,
          grunt_mini_vestibule, nicolae_abyss_entry_one_way_or_another,
          minmay_checkered_concentric_circles, firewood_loft
Depths:3: gammafunk_corrupted_shrine, layout_basic, enter_ziggurat_a, pan_entry,
          serial_shops, nicolae_lakefront_shop, hangedman_abyss_entry_splay,
          hell_entry, serial_bayou_lake_a, uniq_mennas
Depths:4: grunt_twist_and_shout, layout_twisted_cross, special_room
          [special_room_jelly], hangedman_coc_ice_floe, beargit_elvish_explorers
Hell
Zot:1:    layout_twisted_circle
Zot:2:    lemuel_halls_of_wrath, layout_basic, grunt_megastairs_3

Skill      XL: |  1  2  3  4  5  6  7  8  9 10 11 12 13 14 15 16 17 18 19 20 21 22 23 24 25 26 27 |
---------------+----------------------------------------------------------------------------------+-----
Maces & Flails | 4 5 6 8 10 11 13 14 15 16 17 | 17.9
Fighting       | 3 4 6 7 8 10 11 12 13 14 15 16 18 19 20 21 22 | 22.5
Dodging        | 3 5 7 9 11 12 13 | 13.1
Shields        | 3 5 8 9 10 11 12 13 14 15 16 17 18 19 20 21 | 21.3
Ranged Weapons | 3 4 |  4.1
Armour         | 3 5 7 9 10 11 12 13 14 15 16 17 18 19 20 | 20.2
Throwing       | 3 5 6 7 9 |  9.4
Axes           | 4 7 9 11 12 14 15 16 17 19 20 | 20.3
Translocations | 3 5 6 8 9 10 11 12 13 | 13.1
Spellcasting   | 3 5 6 8 9 |  9.0
Polearms       | 10 12 | 12.2

Action                   |  1- 3 |  4- 6 |  7- 9 | 10-12 | 13-15 | 16-18 | 19-21 | 22-24 | 25-27 || total
-------------------------+-------+-------+-------+-------+-------+-------+-------+-------+-------++-------
Melee: Flail             |    97 |   226 |   385 |   255 |       |       |       |       |       ||   963
       Punch             |       |     4 |     5 |       |       |       |       |       |       ||     9
       Morningstar       |       |       |   133 |   547 |  1094 |  1385 |   178 |       |       ||  3337
       Sling             |       |       |       |     1 |       |       |       |       |       ||     1
       Broad axe         |       |       |       |       |       |       |   878 |  1426 |  1389 ||  3693
       Eveningstar       |       |       |       |       |       |       |    15 |       |       ||    15
 Fire: Sling             |       |       |       |    21 |     2 |       |     4 |       |       ||    27
Throw: Dart              |       |       |     6 |     3 |     5 |     3 |       |       |       ||    17
       Throwing net      |       |       |     4 |     3 |       |       |       |       |       ||     7
       Javelin           |       |       |     3 |     1 |    35 |    40 |       |       |     7 ||    86
       Boomerang         |       |       |       |       |       |    22 |     1 |     2 |       ||    25
 Cast: Blink             |       |       |       |       |       |       |       |     6 |     1 ||     7
       Manifold Assault  |       |       |       |       |       |       |       |       |    57 ||    57
Invok: Sacrifice Love    |       |       |     1 |       |       |       |       |       |       ||     1
       Draw Out Power    |       |       |     1 |       |     5 |     9 |     3 |     5 |     2 ||    25
       Sacrifice Artific |       |       |     1 |       |       |       |       |       |       ||     1
       Sacrifice Essence |       |       |       |     1 |       |       |       |       |       ||     1
       Reject Sacrifices |       |       |       |     1 |     1 |       |       |       |       ||     2
       Sacrifice Purity  |       |       |       |     1 |     1 |       |       |       |       ||     2
       Power Leap        |       |       |       |       |     2 |     5 |     2 |     1 |       ||    10
       Apocalypse        |       |       |       |       |     1 |       |     2 |     3 |     3 ||     9
       Sacrifice Arcana  |       |       |       |       |     1 |       |       |       |       ||     1
       Sacrifice Stealth |       |       |       |       |     1 |       |       |       |       ||     1
  Use: Potion            |       |     1 |     4 |     2 |     1 |     1 |     9 |     1 |     2 ||    21
       Scroll            |       |       |    10 |     9 |     4 |    12 |     8 |     6 |     4 ||    53
 Stab: Invisible         |       |       |       |     5 |     3 |    14 |     2 |     4 |     7 ||    35
       Distracted        |       |       |       |     2 |     8 |     9 |     3 |    10 |     3 ||    35
       Paralysed         |       |       |       |       |     4 |    10 |     1 |    12 |    10 ||    37
Armor: Ring mail         |    45 |    83 |    72 |       |       |       |   118 |   105 |    62 ||   485
       Leather armour    |     6 |       |       |       |       |       |       |       |       ||     6
       Plate armour      |     6 |       |       |       |       |       |       |       |       ||     6
       Skin              |       |    29 |       |       |       |       |       |       |       ||    29
       Scale mail        |       |       |   197 |   292 |   400 |   629 |   198 |   355 |       ||  2071
       Shadow dragon sca |       |       |       |       |       |       |       |       |   342 ||   342
Dodge: Dodged            |    55 |   107 |   343 |   239 |   359 |   441 |   262 |   303 |   263 ||  2372
Block: Kite shield       |       |       |    84 |   411 |    47 |       |       |       |       ||   542
       Tower shield      |       |       |       |       |   826 |  1337 |   737 |  1075 |  1178 ||  5153
       Reflection        |       |       |       |       |       |    66 |    33 |    35 |    30 ||   164
